 Dungeon Crawl Stone Soup version 0.29.1-15-g9cfb28693d (webtiles) character file.

Game seed: 1151139306543947928

234574 MacCMillion the Wrestler (level 18, -11/187 HPs)
             Began as a Troll Fighter on Feb 22, 2023.
             Was the Champion of Wu Jian.
             Mangled by a spriggan rider
             ... wielding a +0 spear of freezing
              (25 damage)
             ... on level 1 of the Swamp.
             The game lasted 01:35:52 (35883 turns).

MacCMillion the Wrestler (Troll Fighter)           Turns: 35883, Time: 01:35:52

Health: -11/187    AC: -3    Str: 29      XL:     18   Next: 88%
Magic:  17/17      EV:  8    Int:  5 (10) God:    Wu Jian [******]
Gold:   1884       SH: 10    Dex:  1 (9)  Spells: 17/17 levels left

rFire   + . .      SeeInvis .     - Unarmed
rCold   + . .      Faith    .   b - +1 kite shield
rNeg    . . .      Spirit   .   R - +0 swamp dragon scales
rPois   +          Reflect  .   (helmet restricted)
rElec   .          Harm     .   Q - scarf {rC+ rF+}
rCorr   .          Rampage  .   (gloves unavailable)
Will    +....                   (boots unavailable)
Stlth   ..........              W - amulet of regeneration
HPRegen 2.01/turn               S - +4 ring of protection
MPRegen 0.15/turn               V - +4 ring of slaying

@: exhausted, corroded, studying Poison Magic
A: large, unfitting armour, claws 3, regeneration 1, shaggy fur 1, tough skin 1
}: 1/15 runes: gossamer
a: Renounce Religion, Wall Jump, Serpent's Lash, Heavenly Storm


You were on level 1 of the Swamp.
You worshipped Wu Jian.
Wu Jian was exalted by your worship.
You visited 6 branches of the dungeon, and saw 28 of its levels.

You collected 2724 gold pieces.
You spent 840 gold pieces at shops.

Inventory:

Missiles
 r - 13 javelins (quivered)
 D - 3 throwing nets
 I - 24 large rocks
Armour
 b - a +1 kite shield (worn)
 l - a +4 troll leather armour
 u - a +0 cloak
 Q - a scarf of resistance (worn)
 R - +0 swamp dragon scales (worn)
Jewellery
 n - a ring of flight
 o - a ring of fire
 s - a ring of willpower
 t - a +6 ring of strength
 y - a ring of protection from fire
 F - a ring of poison resistance
 P - a ring of ice
 S - a +4 ring of protection (left claw)
 V - a +4 ring of slaying (right claw)
 W - an amulet of regeneration (around neck)
Wands
 B - a wand of mindburst (17)
 C - a wand of roots (3)
 M - a wand of flame (32)
 T - a wand of light (3)
Scrolls
 e - 8 scrolls of vulnerability
 f - 2 scrolls of summoning
 g - 5 scrolls of enchant weapon
 h - 3 scrolls of butterflies
 j - 5 scrolls of teleportation
 v - 3 scrolls of immolation
 x - 2 scrolls of blinking
 z - 3 scrolls of silence
 E - 5 scrolls of amnesia
 K - a scroll of poison
 L - 3 scrolls of torment
 O - 2 scrolls of magic mapping
Potions
 c - 2 potions of cancellation
 d - 5 potions of attraction
 i - 5 potions of resistance
 k - 5 potions of mutation
 m - 4 potions of brilliance
 p - 11 potions of curing
 q - 5 potions of lignification
 w - 5 potions of heal wounds
 A - 7 potions of ambrosia
 H - 6 potions of haste
 J - 4 potions of invisibility
 N - a potion of might
 X - 3 potions of berserk rage
 Y - 4 potions of flight
 Z - 3 potions of magic
Miscellaneous
 a - a condenser vane
 G - a box of beasts
 U - a lightning rod (4/4)


   Skills:
 + Level 13.6 Fighting
 - Level 9.9 Dodging
 + Level 13.6 Shields
 * Level 21.5 Unarmed Combat


You had 17 spell levels left.
You didn't know any spells.
Your spell library contained the following spells:

 Spells                   Type           Power      Damage    Failure   Level
 Magic Dart               Conj           0%         1d3       78%         1
 Shock                    Conj/Air       0%         1d3       78%         1
 Slow                     Hex            0%         N/A       78%         1
 Sting                    Tmut/Pois      0%         1d3       78%         1
 Blink                    Tloc           0%         N/A       89%         2
 Call Imp                 Summ           0%         N/A       89%         2
 Ensorcelled Hibernation  Hex/Ice        0%         N/A       89%         2
 Passwall                 Tmut/Erth      0%         N/A       89%         2
 Poisonous Vapours        Pois/Air       0%         N/A       89%         2
 Static Discharge         Conj/Air       0%         3-3/arc   89%         2
 Confusing Touch          Hex            0%         N/A       98%         3
 Conjure Flame            Conj/Fire      0%         6-21      98%         3
 Ignite Poison            Fire/Tmut/Pois 0%         N/A       98%         3
 Mephitic Cloud           Conj/Pois/Air  0%         N/A       98%         3
 Swiftness                Air            0%         N/A       98%         3
 Vampiric Draining        Necr           0%         2d6       98%         3
 Airstrike                Air            0%         2d(0-16)  100%        4
 Anguish                  Hex/Necr       0%         N/A       100%        4
 Animate Dead             Necr           0%         N/A       100%        4
 Dispel Undead            Necr           0%         3d6       100%        4
 Leda's Liquefaction      Hex/Erth       0%         N/A       100%        4
 Olgreb's Toxic Radiance  Pois           0%         N/A       100%        4
 Sticky Flame             Conj/Fire      0%         2d3       100%        4
 Summon Lightning Spire   Summ/Air       0%         N/A       100%        4
 Borgnjor's Vile Clutch   Necr/Erth      0%         N/A       100%        5
 Freezing Cloud           Conj/Ice/Air   0%         6-21      100%        5
 Lee's Rapid Deconstruct  Erth           0%         3d5*      100%        5
 Lightning Bolt           Conj/Air       0%         1d11      100%        5
 Manifold Assault         Tloc           0%         N/A       100%        5
 Death Channel            Necr           0%         N/A       100%        6
 Statue Form              Tmut/Erth      0%         N/A       100%        6
 Enfeeble                 Hex            0%         N/A       100%        7
 Storm Form               Tmut/Air       0%         N/A       100%        7
 Maxwell's Capacitive Co  Air            0%         ∞         100%        8
 Chain Lightning          Conj/Air       0%         N/A       100%        9
 Fire Storm               Conj/Fire      0%         5d1       100%        9
 Shatter                  Erth           0%         3d5*      100%        9


Dungeon Overview and Level Annotations

Branches:
Dungeon (15/15)            Temple (1/1) D:7            Lair (5/5) D:8
  Swamp (1/4) Lair:2       Spider (4/4) Lair:2        Slime (0/5) Lair:4
    Orc (2/2) D:10            Elf (0/3) Orc:2        Vaults (0/5) D:14
 Depths (0/4) D:15

Altars:
Ashenzari
Cheibriados
Dithmenos
Elyvilon
Fedhas
Gozag
Hepliaklqana
Kikubaaqudgha
Makhleb
Nemelex Xobeh
Okawaru
Qazlal
Ru
Sif Muna
Trog
Uskayaw
Vehumet
Wu Jian
Xom
Yredelemnul
Zin
The Shining One
Jiyva
Lugonu

Shops:
D:2 *!=   D:6 (   D:14 =   Orc:1 [   Orc:2 !**!

Portals:
Abyss: Lair:5

Annotations:
D:4 1 runed translucent door, Crazy Yiuf
Lair:5 3 runed translucent doors, alexxx's ghost, journeyman FeSu
Spider:4 1 runed translucent door, LSt's ghost, adept MiBe


Innate Abilities, Weirdness & Mutations

You are too large for most types of armour.
You have claws for hands.
Your natural rate of healing is unusually fast.
You are covered in fur. (AC +1)
You have tough skin. (AC +1)


Message History

You closely miss the swamp worm.
The swamp worm is severely wounded.
The goliath frog hits you from afar. The acid corrodes you!
You are splashed with acid.
The goliath frog hits you from afar!!
* * * LOW HITPOINT WARNING * * *
You are splashed with acid!
* * * LOW HITPOINT WARNING * * *
The vampire mosquito bites you!
* * * LOW HITPOINT WARNING * * *
The vampire mosquito draws strength from your injuries!
You block the swamp worm's attack.
You spin and attack the swamp worm.
You claw the swamp worm!
You kill the swamp worm!
The Council accepts your kill.
Your surroundings suddenly seem different. 3 spriggan riders come into view.
A spriggan rider is wielding a +0 spear of freezing.
A spriggan rider is wielding a +0 spear and quivering curare-tipped darts.
A spriggan rider is wielding a +3 vampiric spear.
The spriggan rider shouts! x3
The spriggan rider closely misses you.
The spriggan rider hits you from afar with a +3 vampiric spear.
* * * LOW HITPOINT WARNING * * *
Unknown command.
Okay, then.
Okay, then.
Your muscles tense, ready for explosive movement...
You enter the shallow water.
Moving in this stuff is going to be slow.
You spin and attack the spriggan rider, with incredible momentum.
You eviscerate the spriggan rider!!!
The spriggan rider is severely wounded.
Your supernatural speed expires.
The air fills with toxic fumes!
As you read the scroll of poison, it crumbles to dust.
The spriggan rider hits you from afar with a +0 spear of freezing.
* * * LOW HITPOINT WARNING * * *
The spriggan rider freezes you.
* * * LOW HITPOINT WARNING * * *
You block the spriggan rider's attack.
The spriggan rider hits you from afar with a +0 spear of freezing!!
You die...

~~~...~♣♣♣♣
..~♣♣ ~§....♣♣
♣§~ ♣.§♣
...~♣♣♣ ♣§~
..§♣ ...~♣ ♣♣§.
.§§ ....♣
♣§§♣♣♣.§♣♣♣
..~.♣
♣♣♣♣§§§♣§§§§♣§.
...♣♣
♣§§~i§§♣§§§§§♣
~.♣♣
♣§§§i§§§§§♣♣
..♣
♣§§§○i.@§§§♣
~..
♣♣§§§§§♣§§♣♣
♣♣♣♣ ♣♣♣♣♣♣♣♣♣♣


You could see 3 spriggan riders.

Vanquished Creatures
  Kirke (Spider:3)
  A fenstrider witch (Swamp:1)
  A frost giant (D:15)
  7 emperor scorpions (Spider:4)
  3 ghost moths
  A broodmother (Spider:3)
  2 entropy weavers
  A spark wasp (Spider:3)
  2 boulder beetles
  A ghost crab (Swamp:1)
  9 hydras
  A spriggan air mage (Swamp:1)
  4 vault guards
  A jorogumo (Spider:2)
  3 radroaches
  3 alligators (Swamp:1)
  2 centaur warriors
  3 two-headed ogres
  The ghost of Peloso the Carver, a novice MiFi of Okawaru (D:8)
  4 tengu warriors
  6 death yaks
  2 thrashing horrors (Lair:5)
  Nergalle (Lair:3)
  Amaemon (D:11)
  2 sun moths
  3 pharaoh ants
  A goliath frog (Swamp:1)
  12 steelbarb worms
  14 orb spiders
  3 swamp dragons
  2 orc knights
  Pikel (D:6)
  6 cyclopes
  A deep elf pyromancer (D:13)
  24 wolf spiders
  9 orc sorcerers
  2 manticores
  10 ugly things
  A will-o-the-wisp (D:13)
  2 moths of wrath
  3 black mambas
  19 elephants
  A smoke demon (Lair:5)
  Psyche (D:9)
  An orange demon (D:11)
  13 cane toads
  An unseen horror (shapeshifter) (Lair:5)
  5 torpor snails
  5 rime drakes
  2 kobold demonologists (D:12)
  A yaktaur (D:15)
  11 demonic crawlers
  6 komodo dragons
  9 meliai
  2 tengu conjurers
  A freezing wraith (D:13)
  10 trolls
  A merfolk (D:12)
  2 ancient zymes (Lair:5)
  A polar bear (Lair:5)
  5 tyrant leeches (Swamp:1)
  Grinder (D:3)
  2 hornets
  23 tarantellas
  Prince Ribbit (D:7)
  19 blink frogs
  A raiju (shapeshifter) (Lair:5)
  2 large abominations (Lair:5)
  16 culicivoras
  A shadow (D:13)
  35 jumping spiders
  Sigmund (D:2)
  13 wyverns
  2 spriggans
  A ynoxinul (Lair:5)
  8 basilisks
  3 hogs (Spider:2)
  3 wraiths
  34 yaks
  8 humans (D:14)
  2 chaos spawn (Lair:5)
  11 small abominations (Lair:5)
  4 steam dragons
  7 vampire mosquitoes
  Menkaure (D:4)
  2 swamp worms (Swamp:1)
  66 redbacks
  7 wargs
  Edmund (D:5)
  2 acid dragons
  12 water moccasins
  22 orc warriors
  2 swamp drakes
  An ice beast (D:8)
  2 black bears
  11 ogres
  3 centaurs
  17 wolves
  3 lemures (D:6)
  A phantom (D:4)
  4 kobold brigands
  3 scorpions
  6 bullfrogs
  2 gnoll sergeants
  7 wights
  4 howler monkeys
  3 jellies
  2 hounds (D:5)
  A gnoll bouda (D:8)
  12 orc priests
  2 iguanas
  29 orc wizards
  8 hell rats (Lair:4)
  A mummy (D:6)
  Robin (D:2)
  8 adders
  21 gnolls
  3 shadow imps (D:6)
  2 white imps
  A worm (D:2)
  A dart slug (D:4)
  94 orcs
  4 ball pythons
  7 bats
  9 endoplasms
  7 giant cockroaches
  13 goblins
  11 hobgoblins
  4 quokkas
  2 frilled lizards
  15 kobolds
  2 kobold zombies (D:6)
  2 orc zombies (D:6)
  5 rats
901 creatures vanquished.

Vanquished Creatures (others)
  A culicivora (Spider:3)
  2 humans (Spider:3)
  An orc wizard (Orc:2)
  15 fungi
  15 plants
34 creatures vanquished.

Grand Total: 935 creatures vanquished

Notes
Turn   | Place    | Note
-------+----------+-------------------------------------------
     0 | D:1      | MacCMillion the Troll Fighter began the quest for the Orb.
     0 | D:1      | Reached XP level 1. HP: 22/22 MP: 0/0
   272 | D:1      | Reached XP level 2. HP: 29/29 MP: 1/1
   614 | D:1      | Reached XP level 3. HP: 36/36 MP: 2/2
  1181 | D:2      | Noticed Robin
  1192 | D:2      | Reached skill level 3 in Unarmed Combat
  1228 | D:2      | Killed Robin
  1263 | D:2      | Noticed Sigmund
  1305 | D:2      | Found Reamum's Jewellery Emporium.
  1306 | D:2      | Noticed a scorpion
  1317 | D:2      | Killed a scorpion
  1318 | D:2      | Reached XP level 4. HP: 42/45 MP: 3/3
  1400 | D:2      | Reached XP level 5. HP: 53/53 MP: 4/4
  1439 | D:2      | Reached skill level 4 in Unarmed Combat
  1470 | D:2      | Found Esanoo's Distillery.
  1517 | D:2      | Found Zoonu's Assorted Antiques.
  1640 | D:2      | Found a glowing golden altar of the Shining One.
  2116 | D:3      | Noticed an ogre
  2116 | D:3      | Found a faded altar of an unknown god.
  2474 | D:3      | Found a sacrificial altar of Ru.
  2743 | D:3      | Noticed Grinder
  2760 | D:3      | Killed Grinder
  2761 | D:3      | Reached skill level 5 in Unarmed Combat
  2761 | D:3      | Reached XP level 6. HP: 28/62 MP: 5/5
  3245 | D:4      | Reached XP level 7. HP: 25/68 MP: 6/6
  3264 | D:5      | Entered Level 5 of the Dungeon
  3363 | D:4      | Noticed Menkaure
  3375 | D:4      | Killed Menkaure
  3376 | D:4      | Reached skill level 6 in Unarmed Combat
  3550 | D:4      | Found a runed translucent door.
  3551 | D:4      | Noticed Crazy Yiuf
  4267 | D:4      | Reached skill level 5 in Shields
  4267 | D:4      | Reached XP level 8. HP: 75/79 MP: 7/7
  4373 | D:5      | Reached skill level 7 in Unarmed Combat
  4830 | D:5      | Reached skill level 5 in Fighting
  5039 | D:5      | Noticed Edmund
  5055 | D:5      | Killed Edmund
  5056 | D:5      | Reached skill level 8 in Unarmed Combat
  5952 | D:6      | Reached XP level 9. HP: 74/88 MP: 8/8
  6068 | D:6      | Noticed Pikel
  6148 | D:6      | Killed Pikel
  6149 | D:6      | Reached skill level 9 in Unarmed Combat
  6417 | D:6      | Found Idwes's Antique Weapon Shoppe.
  6591 | D:6      | Noticed a troll
  6594 | D:6      | Killed a troll
  7061 | D:7      | Found a staircase to the Ecumenical Temple.
  7124 | Temple   | Entered the Ecumenical Temple
  7207 | Temple   | Became a worshipper of the Wu Jian Council
  7258 | D:7      | Noticed Prince Ribbit
  7263 | D:7      | Killed Prince Ribbit
  7409 | D:7      | Reached skill level 10 in Unarmed Combat
  7912 | D:8      | Found a staircase to the Lair.
  8083 | D:8      | Reached XP level 10. HP: 100/100 MP: 9/9
  8434 | D:8      | Reached * piety under Wu Jian
  9022 | D:8      | Found a runed translucent gate.
  9022 | D:8      | Found an opulent altar of Gozag.
  9023 | D:8      | Found a runed translucent gate.
  9023 | D:8      | Found a runed translucent gate.
  9026 | D:8      | Noticed Peloso's ghost (novice MiFi)
  9026 | D:8      | Noticed a centaur warrior
  9039 | D:8      | Found a bloodstained altar of Trog.
  9039 | D:8      | Found a basalt altar of Yredelemnul.
  9042 | D:8      | Reached skill level 11 in Unarmed Combat
  9189 | D:9      | Noticed Psyche
  9203 | D:9      | Killed Psyche
  9204 | D:9      | Reached skill level 5 in Dodging
  9242 | D:9      | Noticed a two-headed ogre
  9260 | D:9      | Killed a two-headed ogre
  9511 | D:9      | Reached XP level 11. HP: 103/103 MP: 10/10
 10424 | D:10     | Entered Level 10 of the Dungeon
 10466 | D:10     | Found a staircase to the Orcish Mines.
 10749 | D:10     | Reached ** piety under Wu Jian
 11208 | D:11     | Noticed a boulder beetle
 11230 | D:11     | Killed a boulder beetle
 11231 | D:11     | Reached skill level 12 in Unarmed Combat
 11392 | D:11     | Noticed Amaemon
 11421 | D:11     | Killed Amaemon
 11551 | D:11     | Noticed a two-headed ogre
 11560 | D:11     | Killed a two-headed ogre
 11759 | D:11     | Noticed a six-headed hydra
 11839 | D:11     | Noticed an orc knight
 12025 | Lair:1   | Entered Level 1 of the Lair of Beasts
 12730 | D:2      | Bought a +4 ring of protection for 468 gold pieces
 13149 | Lair:1   | Reached skill level 13 in Unarmed Combat
 13318 | Lair:1   | Reached XP level 12. HP: 73/120 MP: 11/11
 13776 | Lair:2   | Noticed an eight-headed hydra
 14072 | Lair:2   | Reached *** piety under Wu Jian
 14186 | Lair:2   | Found a hole to the Spider Nest.
 14513 | Lair:2   | Found a staircase to the Swamp.
 15257 | Lair:3   | Reached skill level 14 in Unarmed Combat
 15576 | Lair:3   | Noticed Nergalle
 15588 | Lair:3   | Killed Nergalle
 16037 | Lair:4   | Noticed a death yak
 16037 | Lair:4   | Noticed a death yak
 16039 | Lair:4   | Noticed a death yak
 16112 | Lair:3   | Killed a death yak
 16254 | Lair:4   | Noticed an eight-headed hydra
 16471 | Lair:3   | Killed a death yak
 16492 | Lair:4   | Killed a death yak
 16731 | Lair:4   | Killed a ten-headed hydra
 16731 | Lair:4   | Reached skill level 10 in Shields
 16731 | Lair:4   | Reached XP level 13. HP: 131/131 MP: 12/12
 17158 | Lair:4   | Found a staircase to the Slime Pits.
 17158 | Lair:4   | Found a viscous altar of Jiyva.
 17197 | Lair:4   | Reached **** piety under Wu Jian
 17203 | Lair:4   | Reached skill level 15 in Unarmed Combat
 17901 | Lair:5   | Entered Level 5 of the Lair of Beasts
 19020 | Lair:5   | Found a runed translucent gate.
 19021 | Lair:5   | Found a runed translucent gate.
 19022 | Lair:5   | Found a runed translucent gate.
 19390 | Lair:5   | Reached skill level 10 in Fighting
 19631 | Lair:5   | Reached skill level 16 in Unarmed Combat
 20050 | Lair:5   | Reached XP level 14. HP: 127/143 MP: 13/13
 20421 | Lair:5   | Found a corrupted altar of Lugonu.
 20421 | Lair:5   | Found a one-way gate to the infinite horrors of the Abyss.
 20528 | Lair:5   | Noticed alexxx's ghost (journeyman FeSu)
 20832 | Orc:1    | Entered Level 1 of the Orcish Mines
 20923 | Orc:1    | You fall into a shaft and drop 1 floor!
 20923 | Orc:2    | Entered Level 2 of the Orcish Mines
 20965 | Orc:2    | Found a staircase to the Elven Halls.
 21129 | Orc:1    | Found Caummeim's Antique Armour Boutique.
 21145 | Orc:1    | Reached ***** piety under Wu Jian
 21751 | Orc:2    | Found Luomonno's Distillery.
 21751 | Orc:2    | Found Etuoc's Assorted Antiques.
 21882 | Orc:2    | Bought a potion of cancellation for 112 gold pieces
 22276 | Orc:2    | Found Fetsio Ovet's General Store.
 22276 | Orc:2    | Found Syfo's Distillery.
 23959 | D:13     | Reached skill level 17 in Unarmed Combat
 25190 | D:14     | Found Nem Meuq's Jewellery Emporium.
 25421 | D:14     | You fall into a shaft and drop 1 floor!
 25421 | D:15     | Entered Level 15 of the Dungeon
 25623 | D:15     | Reached XP level 15. HP: 126/152 MP: 14/14
 25663 | D:15     | Found a blossoming altar of Fedhas.
 25801 | D:15     | Found a staircase to the Depths.
 25801 | D:15     | Noticed a frost giant
 25805 | D:15     | Killed a frost giant
 26575 | D:14     | Found a gate to the Vaults.
 27106 | D:2      | Bought a ring of poison resistance for 260 gold pieces
 27311 | D:2      | Killed Sigmund
 27330 | D:2      | Found a glowing golden altar of the Shining One.
 27540 | Spider:1 | Entered Level 1 of the Spider Nest
 27671 | Lair:2   | Reached skill level 18 in Unarmed Combat
 28453 | Spider:1 | Reached ****** piety under Wu Jian
 29856 | Spider:3 | Noticed Kirke
 29875 | Spider:3 | Killed Kirke
 30055 | Spider:3 | Reached skill level 19 in Unarmed Combat
 30380 | Spider:3 | Reached XP level 16. HP: 159/165 MP: 15/15
 31275 | Spider:3 | Reached XP level 17. HP: 175/175 MP: 16/16
 31276 | Spider:3 | Reached skill level 20 in Unarmed Combat
 31276 | Spider:3 | Reached XP level 18. HP: 184/184 MP: 17/17
 32119 | Spider:4 | Entered Level 4 of the Spider Nest
 33029 | Spider:4 | Found a runed translucent door.
 33034 | Spider:4 | Noticed LSt's ghost (adept MiBe)
 33545 | Spider:4 | Reached skill level 21 in Unarmed Combat
 33921 | Spider:4 | Found the +3 pair of seven-league boots {Rampage+∞}
 34352 | Spider:4 | Lost dexterity.
 34594 | Spider:4 | Got a gossamer rune of Zot
 35191 | Swamp:1  | Entered Level 1 of the Swamp
 35342 | D:8      | Killed Peloso's ghost
 35515 | Swamp:1  | Paralysed by a fenstrider witch for 2 turns
 35883 | Swamp:1  | Mangled by a spriggan rider

Illustrated notes

Levels and vault maps discovered:
D:1:      giann_horns, layout_basic, minmay_pentomino_u4
D:2:      layout_basic, serial_shops, nicolae_shop_behind_doors, shop,
          nicolae_shop_behind_doors, basic_altar, uniq_sigmund, uniq_robin
D:3:      layout_basic, mainiacjoe_overflow_alcove_4,
          hellmonk_ecumenical_altar_run_dry, uniq_grinder
D:4:      layout_basic, uniq_crazy_yiuf_cottage, uniq_menkaure
D:5:      layout_layer_cave, st_stairs_6, uniq_edmund
D:6:      layout_basic, serial_shops, nicolae_shop_advertising_works
          [nicolae_subvault_shop_adworks], minmay_mini_ossuary, uniq_pikel
D:7:      layout_basic, temple_pool_b, hex_intersection, minmay_hedge_maze,
          hex_medium, uniq_prince_ribbit1
D:8:      layout_rooms, amethyst_overflow_temple_binary, lair_entry_dummy,
          ebering_ghost_gozag, nicolae_hexahallways, kennysheep_generic_room_16
D:9:      layout_grid_maze, uniq_psyche
D:10:     layout_basic, david_orc_2
D:11:     layout_roguey, special_room [special_room_orc], uniq_amaemon
D:12:     layout_big_octagon, nicolae_twisting_strands, minmay_misc_feat_tiny,
          hangedman_fish_farm
D:13:     layout_basic, pond
D:14:     layout_basic, ximxim_vaults_locker_room, serial_shops,
          nicolae_take_the_stairs
D:15:     grunt_enter_depths_snipers, layout_irregular_city,
          nicolae_concentric_dashed_squares_wild, fedhas_altar_1
Temple:   nicolae_temple_bog_church
Lair:1:   layout_loops_ring, fungi_pond_lemuel
Lair:2:   layout_cave_shapes, minmay_swamp_entry_reptiles,
          nicolae_spider_entry_orb_guardian
Lair:3:   layout_long_grid, uniq_nergalle
Lair:4:   layout_cave_shapes, slime_entry_1, special_room
          [special_room_mythical_zoo]
Lair:5:   hellmonk_lair_end_abyssal_woods, layout_regular_city,
          gammafunk_ghost_icy
Swamp:1:  layout_basic_swamp, evilmike_swamp_ruin_house_2
Spider:1: mumra_spider_spiderweb, drop_trap
Spider:2: layout_spider_delve, nicolae_crawler_farm
Spider:3: layout_chambers, uniq_kirke
Spider:4: grunt_spider_rune_circles, ebering_ghost_reflecting_pool,
          nicolae_spider_nook
Orc:1:    nicolae_orc_accident_2, layout_caves, serial_shops,
          nicolae_shop_crystal, nicolae_orc_rich_vein
Orc:2:    st_orc_town, layout_caves, basic_altar

Skill      XL: |  1  2  3  4  5  6  7  8  9 10 11 12 13 14 15 16 17 18 |
---------------+-------------------------------------------------------+-----
Shields        | 3 4 5 6 7 9 10 11 13 | 13.6
Unarmed Combat | 3 5 6 8 10 11 13 14 16 17 19 20 21 | 21.5
Fighting       | 3 4 5 6 7 8 9 10 11 12 13 | 13.6
Dodging        | 3 5 6 7 8 9 |  9.9

Action                   |  1- 3 |  4- 6 |  7- 9 | 10-12 | 13-15 | 16-18 || total
-------------------------+-------+-------+-------+-------+-------+-------++-------
Melee: Unarmed           |   101 |   124 |   281 |   555 |  1340 |   588 ||  2989
Throw: Dart              |       |       |       |    20 |       |       ||    20
       Javelin           |       |       |       |       |     7 |     2 ||     9
Invok: Lunge             |       |       |     5 |    48 |   146 |    50 ||   249
       Whirlwind         |       |       |       |    69 |   364 |    94 ||   527
       Serpent's Lash    |       |       |       |     1 |    10 |     6 ||    17
       Heavenly Storm    |       |       |       |       |     1 |       ||     1
Evoke: Wand              |       |       |       |     9 |     5 |       ||    14
  Use: Scroll            |       |       |     6 |     8 |    19 |     5 ||    38
       Potion            |       |       |     1 |     1 |     4 |     3 ||     9
 Stab: Sleeping          |       |     1 |     1 |       |       |       ||     2
Armor: Robe              |    39 |    52 |    41 |    92 |   121 |       ||   345
       Troll leather arm |       |       |       |       |   176 |   158 ||   334
       Swamp dragon scal |       |       |       |       |       |     3 ||     3
Dodge: Dodged            |    27 |    51 |    87 |   142 |   357 |   125 ||   789
Block: Kite shield       |    33 |    50 |   114 |   183 |   527 |   239 ||  1146
